 Dungeon Crawl Stone Soup version 0.21-a0-421-gfc1ce30 (webtiles) character file.

504 trolface1997 the Slasher (level 7, -5/60 HPs)
             Began as a Hill Orc Fighter on Nov 4, 2017.
             Killed by divine providence
             ... invoked by an orc priest
              (13 damage)
             ... on level 4 of the Dungeon.
             The game lasted 00:17:43 (4564 turns).

trolface1997 the Slasher (Hill Orc Fighter)         Turns: 4564, Time: 00:17:44

Health: -5/60      AC:  8    Str: 21    XL:     7   Next: 17%
Magic:  7/7        EV:  7    Int:  8    God:
Gold:   191        SH: 10    Dex: 10    Spells: 6/6 levels left

rFire    x . .     SeeInvis .   a - +0 long sword
rCold    + . .     Gourm    .   c - +0 shield
rNeg     . . .     Faith    .   b - +0 scale mail
rPois    .         Spirit   .   (no helmet)
rElec    .         Reflect  .   l - +0 cloak (curse)
rCorr    .         Harm     .   (no gloves)
MR       +....                  (no boots)
Stlth    ..........             (no amulet)
HPRegen  0.20/turn              o - ring of protection from magic
MPRegen  0.10/turn              s - ring of ice

@: flying
A: no striking features
a: Convert to Beogh


You were on level 4 of the Dungeon.
You were very hungry.

You visited 2 branches of the dungeon, and saw 5 of its levels.

You collected 191 gold pieces.

Inventory:

Hand Weapons
 a - a +0 long sword (weapon)
Missiles
 h - 68 stones (quivered)
Armour
 b - a +0 scale mail (worn)
 c - a +0 shield (worn)
 g - a +0 leather armour
 l - a cursed +0 cloak (worn)
 t - a +0 plate armour
Jewellery
 o - a ring of protection from magic (left hand)
 p - an uncursed ring of stealth
 s - a ring of ice (right hand)
 y - an uncursed amulet of the gourmand {unknown}
Scrolls
 e - 7 scrolls of identify {unknown}
 k - a scroll of fear {unknown}
 r - 2 scrolls of remove curse {unknown}
 v - a scroll of teleportation {unknown}
 w - a scroll of immolation {unknown}
 x - a scroll of enchant armour {unknown}
 z - a scroll of fog {unknown}
Potions
 d - a potion of might
 i - 2 potions of flight
 q - a potion of mutation {unknown}
 u - a potion of curing {unknown}
Comestibles
 f - 3 bread rations
 j - 2 fruits
 m - 5 meat rations
 n - 2 royal jellies


   Skills:
 + Level 4.5 Fighting
 * Level 5.8 Long Blades
 + Level 0.1 Throwing
 + Level 4.7 Armour
 + Level 5.2 Shields


You had 6 spell levels left.
You didn't know any spells.

Dungeon Overview and Level Annotations

Branches:
Dungeon (4/15)             Temple (1/1) D:4

Altars:
Ashenzari
Cheibriados
Dithmenos
Fedhas
Gozag
Kikubaaqudgha
Makhleb
Nemelex Xobeh
Okawaru
Qazlal
Sif Muna
Uskayaw
Vehumet
Wu Jian
Zin


Message History

The orc priest hits you but does no damage.
Something hits you but does no damage.
The orc priest shouts, "Join the one true god or die!"
You closely miss the orc priest. You block the orc priest's attack.
Something hits you but does no damage. The orc priest completely misses you.
The orc priest shouts, "Beogh is our master!
Accept the truth or die!"
The orc priest hits you but does no damage.
You closely miss the orc priest. Something hits you.
* * * LOW HITPOINT WARNING * * *
The orc priest hits you but does no damage. x2
Something hits you but does no damage.
You slash the orc priest!
The orc priest threatens, "By the altar or by the axe, you will meet Beogh!"
The orc priest is severely wounded.
The orc priest barely misses you.
The orc priest looks satisfied for a moment.
Something hits you but does no damage.
The orc priest calls down the wrath of Beogh upon you.
Beogh smites you!
You die...

##.......................
#........................
#........................
#.......)................
#........................
#........................
#........................
#......oo{...............
#.......@...............
#.......................
#.......................
#................)......
#.......................
#.......................
#.......................
#.......................
#..................(....


You could see 2 orc priests.

Vanquished Creatures
  The ghost of sergedm the Conjurer, an amateur DECj (D:4)
  2 hounds
  An orc priest (D:4)
  An orc wizard (D:4)
  An iguana (D:4)
  6 gnolls (D:2)
  10 adders
  A howler monkey skeleton (D:4)
  An ooze (D:2)
  2 dart slugs
  3 leopard geckos
  7 orcs
  2 ball pythons
  5 giant cockroaches
  10 hobgoblins
  4 jackals
  A quokka (D:2)
  11 bats
  5 frilled lizards
  6 goblins
  A jackal skeleton (D:4)
  7 kobolds
  10 rats
98 creatures vanquished.

Notes
Turn   | Place    | Note
-------+----------+-------------------------------------------
     0 | D:1      | trolface1997 the Hill Orc Fighter began the quest for the Orb.
     0 | D:1      | Reached XP level 1. HP: 19/19 MP: 1/1
   500 | D:1      | Reached XP level 2. HP: 25/27 MP: 2/2
  1149 | D:2      | Reached XP level 3. HP: 33/33 MP: 3/3
  1175 | D:2      | Noticed a hand axe
  1177 | D:2      | Noticed a dagger
  1253 | D:2      | Reached XP level 4. HP: 31/40 MP: 4/4
  1698 | D:2      | Reached XP level 5. HP: 46/46 MP: 5/5
  2176 | D:3      | Found a radiant altar of Vehumet.
  2186 | D:2      | Found a glowing silver altar of Zin.
  2186 | D:2      | Found a stormy altar of Qazlal.
  2245 | D:2      | Found a hide-covered altar of Uskayaw.
  2757 | D:3      | Reached skill level 5 in Long Blades
  2757 | D:3      | Reached XP level 6. HP: 53/53 MP: 6/6
  3174 | D:4      | Noticed sergedm's ghost (amateur DECj)
  3325 | D:4      | Found a sparkling altar of Nemelex Xobeh.
  4160 | D:4      | Found a staircase to the Ecumenical Temple.
  4166 | Temple   | Entered the Ecumenical Temple
  4367 | D:4      | Killed sergedm's ghost
  4367 | D:4      | Reached skill level 5 in Shields
  4367 | D:4      | Reached XP level 7. HP: 28/60 MP: 7/7
  4564 | D:4      | Killed from afar by an orc priest

Vault maps used:
D:1:      dpeg_arrival_pits
D:2:      gammafunk_temple_overflow_elements, dancing_weapons_uskayaw,
          first_bread
D:3:      vehumet_crystals, supply_closet_lemuel, kennysheep_nub
D:4:      nemelex_xobeh_ov_fountains_minmay, temple_green, uniq_eustachio
Temple:   cyrus_temple_forest

Skill      XL: |  1  2  3  4  5  6 |
---------------+-------------------+-----
Long Blades    | 3 4 5 |  5.8
Fighting       | 4 |  4.5
Shields        | 4 5 |  5.2
Armour         | 4 |  4.7
Throwing       | |  0.1

Action                   |  1- 3 |  4- 6 |  7- 9 || total
-------------------------+-------+-------+-------++-------
Melee: Long sword        |   103 |   244 |    16 ||   363
Throw: Stone             |     4 |    24 |       ||    28
  Use: Potion            |       |       |     1 ||     1
  Eat: Chunk             |     1 |     9 |       ||    10
       Fruit             |       |     1 |       ||     1
Armor: Scale mail        |    63 |   146 |    21 ||   230
Dodge: Dodged            |    47 |   100 |    13 ||   160
Block: Shield            |    71 |   165 |     9 ||   245
       Rpst.: Long sword |    14 |    27 |     5 ||    46

Table legend:
 A = Spawn XP
 B = Non-spawn XP
 C = Spawn XP percentage of total XP
 D = Spawn monster count
 E = Non-spawn monster count
 F = Spawn count percentage of total count
 G = Total turns spent on level
                    A         B        C        D         E        F      G
               +---------+---------+-------+---------+---------+-------+---------
         Total |       0 |     720 |   0.0 |       0 |      98 |   0.0 |  4564
               +---------+---------+-------+---------+---------+-------+---------
           D:1 |       0 |      30 |   0.0 |       0 |      21 |   0.0 |  1121
           D:2 |       0 |     224 |   0.0 |       0 |      38 |   0.0 |  1394
           D:3 |       0 |     131 |   0.0 |       0 |      27 |   0.0 |  1154
           D:4 |       0 |     335 |   0.0 |       0 |      12 |   0.0 |   783
               +---------+---------+-------+---------+---------+-------+---------
